[Event "XIX Najdorf Memorial 2019"]
[Site "Warsaw"]
[Date "2019.07.07"]
[Round "2.30"]
[White "Rakshitta Ravi"]
[Black "Godzwon, Iwo"]
[Result "1-0"]
[ECO "B24"]
[WhiteElo "2112"]
[BlackElo "2285"]
[Annotator "NA"]
[PlyCount "107"]
[EventDate "2019.07.06"]
[EventType "swiss"]
[EventCountry "POL"]
[SourceTitle "playchess.com"]
[Source "ChessBase"]
[SourceQuality "1"]
[TimeControl "40/5400+30:1800+30"]

1. e4 c5 2. Nc3 Nc6 3. Bb5 Nd4 4. Bc4 e6 5. Nf3 a6 6. Nxd4 cxd4 7. Ne2 b5 8. Bb3 Bb7 9. d3 Bc5 10. Ng3 Ne7 11. Qg4 O-O 12. f4 Bb4+ 13. Kf2 Ng6 14. h4 d5 15. e5 f5 16. Qe2 a5 17. a3 Be7 18. h5 Nh8 19. Bd2 a4 20. Ba2 Rc8 21. Rac1 Qb6 22. Bb4 Bxb4 23. axb4 Nf7 24. Nf1 Nh6 25. Nh2 Rf7 26. Rhg1 Qd8 27. g3 Rfc7 28. Bb1 Qf8 29. Qd2 Qf7 30. Qe2 Bc6 31. Rh1 Ra7 32. Nf3 a3 33. bxa3 Rxa3 34. Ke1 Qa7 35. Qf2 Bd7 36. Kd2 Ra4 37. Qxd4 Qxd4 38. Nxd4 Rxb4 39. c3 Rb2+ 40. Rc2 b4 41. cxb4 Rxb4 42. Rxc8+ Bxc8 43. Kc3 Rb7 44. Bc2 Kf7 45. Ra1 Ng8 46. Ra5 Bd7 47. Ba4 Bxa4 48. Rxa4 Rb6 49. Ra7+ Ne7 50. Nb3 Rc6+ 51. Kd4 h6 52. Nc5 Kf8 53. Ra8+ Kf7 54. Nb7 1-0

[Event "XIX Najdorf Memorial 2019"]
[Site "Warsaw"]
[Date "2019.07.07"]
[Round "2.31"]
[White "Bednarczyk, Damian"]
[Black "Malec, Sebastian"]
[Result "1-0"]
[ECO "B30"]
[WhiteElo "2256"]
[BlackElo "2114"]
[Annotator "NA"]
[PlyCount "57"]
[EventDate "2019.07.06"]
[EventType "swiss"]
[EventCountry "POL"]
[SourceTitle "playchess.com"]
[Source "ChessBase"]
[SourceQuality "1"]
[TimeControl "40/5400+30:1800+30"]

1. e4 c5 2. Nf3 Nc6 3. Bb5 e6 4. Bxc6 dxc6 5. O-O Ne7 6. e5 Nf5 7. d3 Be7 8. Nc3 h5 9. Ne4 b6 10. Re1 a5 11. Bg5 Ba6 12. Qd2 Ra7 13. a3 Bxg5 14. Nfxg5 Rd7 15. Qf4 a4 16. h4 Rd4 17. Nf3 Rd7 18. Nfg5 Rd4 19. c3 Rxd3 20. Nd6+ Nxd6 21. exd6 O-O 22. Qe4 g6 23. Nxe6 Qxd6 24. Nxf8 Kxf8 25. Qxa4 Bb5 26. Qe4 Rd2 27. a4 Bd3 28. Qe3 Rxb2 29. Qh6+ 1-0

[Event "XIX Najdorf Memorial 2019"]
[Site "Warsaw"]
[Date "2019.07.07"]
[Round "2.32"]
[White "Zaninotto, Franco"]
[Black "AlHuwar, Jasem"]
[Result "0-1"]
[ECO "B06"]
[WhiteElo "2094"]
[BlackElo "2255"]
[Annotator "NA"]
[PlyCount "76"]
[EventDate "2019.07.06"]
[EventType "swiss"]
[EventCountry "POL"]
[SourceTitle "playchess.com"]
[Source "ChessBase"]
[SourceQuality "1"]
[TimeControl "40/5400+30:1800+30"]

1. e4 g6 2. d4 Bg7 3. Nf3 d6 4. Bd3 e5 5. c3 Nc6 6. d5 Nce7 7. c4 h6 8. Nc3 f5 9. Bd2 Nf6 10. Qc1 a5 11. b3 f4 12. h3 O-O 13. Nh2 Bd7 14. a4 g5 15. Nb5 b6 16. b4 axb4 17. Bxb4 h5 18. Ra3 Ng6 19. a5 bxa5 20. Bxa5 Rxa5 21. Rxa5 c6 22. Qa3 cxb5 23. cxb5 g4 24. hxg4 hxg4 25. Nf1 Qb8 26. Nd2 Rc8 27. O-O g3 28. Ra6 gxf2+ 29. Rxf2 Bxb5 30. Bxb5 Qxb5 31. Qxd6 Nf8 32. Ra7 Qc5 33. Qxc5 Rxc5 34. Rf1 Rc2 35. Nf3 Nxe4 36. Rb1 Ng3 37. d6 e4 38. d7 exf3 0-1

[Event "XIX Najdorf Memorial 2019"]
[Site "Warsaw"]
[Date "2019.07.08"]
[Round "3.1"]
[White "Gukesh D"]
[Black "Miroshnichenko, Pavel"]
[Result "1/2-1/2"]
[ECO "A15"]
[WhiteElo "2520"]
[BlackElo "2300"]
[Annotator "ChessBase"]
[PlyCount "85"]
[EventDate "2019.07.06"]
[EventType "swiss"]
[EventCountry "POL"]
[SourceTitle "playchess.com"]
[Source "ChessBase"]
[SourceQuality "1"]
[TimeControl "40/5400+30:1800+30"]

1. c4 Nf6 2. Nf3 c5 3. g3 Nc6 4. Bg2 e5 5. Nc3 d6 6. O-O h6 7. e3 Bg4 8. h3 Be6 9. d4 Bxc4 10. Re1 Rb8 11. Qa4 b5 12. Qd1 e4 13. Nd2 d5 14. f3 Bd6 15. Nxc4 bxc4 16. fxe4 Bxg3 17. Re2 O-O 18. e5 Ne4 19. Nxe4 dxe4 20. Bxe4 Rb6 21. Rg2 Bxe5 22. Qf3 cxd4 23. Bxc6 Qh4 24. Bd2 Rxb2 25. Be1 Rxg2+ 26. Qxg2 Qf6 27. Rc1 c3 28. exd4 Bxd4+ 29. Kh1 Rc8 30. Bd5 Qf4 31. Bd2 Qf5 32. Bxh6 Qh5 33. Bf4 c2 34. Be4 Rc3 35. Qd2 Rxh3+ 36. Bh2 Qh4 37. Bf5 Be3 38. Rxc2 g6 39. Rc8+ Kg7 40. Qc3+ Bd4 41. Qxh3 Qe1+ 42. Kg2 Qf2+ 43. Kh1 1/2-1/2

[Event "XIX Najdorf Memorial 2019"]
[Site "Warsaw"]
[Date "2019.07.08"]
[Round "3.2"]
[White "Tomczak, Jacek"]
[Black "Harsha Bharathakoti"]
[Result "1/2-1/2"]
[ECO "B56"]
[WhiteElo "2623"]
[BlackElo "2486"]
[Annotator "RC"]
[PlyCount "169"]
[EventDate "2019.07.06"]
[EventType "swiss"]
[EventCountry "POL"]
[SourceTitle "playchess.com"]
[Source "ChessBase"]
[SourceQuality "1"]
[TimeControl "40/5400+30:1800+30"]

1. e4 c5 2. Nf3 Nc6 3. d4 cxd4 4. Nxd4 Nf6 5. Nc3 d6 6. g3 e5 7. Nde2 Be7 8. Bg2 O-O 9. O-O a6 10. h3 b5 11. a3 Bb7 12. Be3 Na5 13. b3 Rc8 14. g4 Qc7 15. Qd3 Nd7 16. Bd2 Nc5 17. Qg3 Qd8 18. Nd5 Nc6 19. Be3 Bh4 20. Qh2 Ne7 21. Rad1 Bxd5 22. exd5 Ng6 23. Kh1 Bg5 24. Qg3 Re8 25. Qf3 Nh4 26. Qg3 Ng6 27. Qf3 Nh4 28. Qg3 h6 29. Rd2 Qf6 30. Bxg5 hxg5 31. Qe3 Ng6 32. Ng3 Nf4 33. Rb1 g6 34. Bf1 Kg7 35. Kh2 Rh8 36. b4 Na4 37. Rb3 Qe7 38. Ne2 Rc7 39. Nxf4 gxf4 40. Qe4 Rhc8 41. c4 bxc4 42. Rf3 a5 43. bxa5 Ra8 44. Bxc4 Rxa5 45. Bf1 Nc5 46. Qb4 Ra4 47. Qb2 Rb7 48. Qc2 Qf6 49. Rc3 Rba7 50. Rxc5 dxc5 51. Qxc5 Rxa3 52. Rb2 R3a5 53. Qc8 Ra8 54. Qc4 Rd8 55. Rd2 f3 56. Qe4 Qd6 57. Bc4 Ra4 58. Rc2 Rc8 59. g5 Qc7 60. Bd3 Rxe4 61. Rxc7 Rxc7 62. Bxe4 Rc4 63. Bxf3 Rd4 64. Kg3 e4 65. Bg2 Rxd5 66. h4 Rd4 67. Kf4 e3+ 68. Kxe3 Rxh4 69. f4 Kf8 70. Bd5 Ke7 71. Bc4 Rh3+ 72. Ke4 Ra3 73. Bd5 Ra1 74. Bb3 Re1+ 75. Kd4 Rb1 76. Bd5 Ra1 77. Ke4 Ra7 78. Ke5 Ra4 79. Bb3 Ra5+ 80. Bd5 Rb5 81. Kd4 Ra5 82. Ke5 Rc5 83. Kd4 Rb5 84. Ke5 Ra5 85. Kd4 1/2-1/2

[Event "XIX Najdorf Memorial 2019"]
[Site "Warsaw"]
[Date "2019.07.08"]
[Round "3.2"]
[White "Zylka, Stanislaw"]
[Black "Klekowski, Maciej"]
[Result "1-0"]
[ECO "C88"]
[WhiteElo "2308"]
[BlackElo "2482"]
[Annotator "ChessBase"]
[PlyCount "93"]
[EventDate "2019.07.06"]
[EventType "swiss"]
[EventCountry "POL"]
[SourceTitle "playchess.com"]
[Source "ChessBase"]
[SourceQuality "1"]
[TimeControl "40/5400+30:1800+30"]

1. e4 e5 2. Nf3 Nc6 3. Bb5 a6 4. Ba4 Nf6 5. O-O Be7 6. Re1 b5 7. Bb3 d6 8. a4 b4 9. a5 O-O 10. d3 Rb8 11. Nbd2 Be6 12. Nc4 Nd7 13. Be3 d5 14. Ba4 dxe4 15. Bxc6 exf3 16. Qxf3 Nc5 17. Nxe5 Bd6 18. d4 Nd7 19. Rad1 Qc8 20. Bf4 Nxe5 21. dxe5 Bg4 22. Qg3 Bxd1 23. Rxd1 Be7 24. Bh6 g6 25. Rd7 b3 26. c3 Rd8 27. e6 f6 28. h4 Rxd7 29. exd7 Qd8 30. Qe3 Bf8 31. Qe6+ Kh8 32. Bf4 Bd6 33. Bxd6 cxd6 34. Qxd6 Kg7 35. g4 Qf8 36. Qe6 Qc5 37. Bd5 Rf8 38. Bxb3 Qe5 39. Qxa6 Qe1+ 40. Kg2 Qe4+ 41. f3 Qe3 42. Qe6 Qd2+ 43. Kg3 Kh6 44. Qe7 Rh8 45. g5+ Kh5 46. gxf6 Kh6 47. Qe5 1-0

[Event "XIX Najdorf Memorial 2019"]
[Site "Warsaw"]
[Date "2019.07.08"]
[Round "3.3"]
[White "Jarmula, Lukasz"]
[Black "Bebel, Arkadiusz"]
[Result "0-1"]
[ECO "A21"]
[WhiteElo "2480"]
[BlackElo "2290"]
[Annotator "ChessBase"]
[PlyCount "94"]
[EventDate "2019.07.06"]
[EventType "swiss"]
[EventCountry "POL"]
[SourceTitle "playchess.com"]
[Source "ChessBase"]
[SourceQuality "1"]
[TimeControl "40/5400+30:1800+30"]

1. c4 e5 2. Nc3 Bb4 3. Nd5 Be7 4. d4 d6 5. e3 Nf6 6. Nxe7 Qxe7 7. Nf3 O-O 8. Be2 Bg4 9. h3 Bxf3 10. Bxf3 e4 11. Be2 c6 12. O-O Re8 13. b4 Nbd7 14. a4 c5 15. bxc5 dxc5 16. a5 Rac8 17. Qb3 b6 18. axb6 axb6 19. Bb2 Ra8 20. Qb5 Qd6 21. d5 h5 22. Rfb1 Rxa1 23. Bxa1 Rc8 24. Bxf6 gxf6 25. Bxh5 f5 26. Kh1 Ne5 27. Be2 Rb8 28. Qb2 Ra8 29. f4 exf3 30. gxf3 Qe7 31. Rd1 Ng6 32. Qd2 Qh4 33. Bf1 Rd8 34. f4 Rd6 35. Qg2 Qe7 36. Re1 Kf8 37. Qg5 Qe4+ 38. Bg2 Qd3 39. Kh2 Qc3 40. Rf1 Qxe3 41. Qxf5 Qd4 42. Qe4 Qf6 43. Qd3 Nh4 44. Be4 Qb2+ 45. Kh1 f5 46. Bf3 Rg6 47. d6 Rg3 0-1

[Event "XIX Najdorf Memorial 2019"]
[Site "Warsaw"]
[Date "2019.07.08"]
[Round "3.3"]
[White "Galperin, Platon"]
[Black "Dragun, Kamil"]
[Result "1/2-1/2"]
[ECO "E70"]
[WhiteElo "2445"]
[BlackElo "2604"]
[Annotator "RC"]
[PlyCount "33"]
[EventDate "2019.07.06"]
[EventType "swiss"]
[EventCountry "POL"]
[SourceTitle "playchess.com"]
[Source "ChessBase"]
[SourceQuality "1"]
[TimeControl "40/5400+30:1800+30"]

1. d4 Nf6 2. c4 g6 3. Nc3 Bg7 4. e4 d6 5. Nge2 O-O 6. Ng3 a6 7. Be2 c6 8. O-O b5 9. Be3 h5 10. f3 e5 11. dxe5 dxe5 12. Bc5 Re8 13. Qxd8 Rxd8 14. a4 bxc4 15. Bxc4 Nbd7 16. Rfd1 a5 17. b4 1/2-1/2

[Event "XIX Najdorf Memorial 2019"]
[Site "Warsaw"]
[Date "2019.07.08"]
[Round "3.4"]
[White "Yuffa, Daniil"]
[Black "Gagare, Shardul"]
[Result "1/2-1/2"]
[ECO "C11"]
[WhiteElo "2582"]
[BlackElo "2476"]
[Annotator "ChessBase"]
[PlyCount "86"]
[EventDate "2019.07.06"]
[EventType "swiss"]
[EventCountry "POL"]
[SourceTitle "playchess.com"]
[Source "ChessBase"]
[SourceQuality "1"]
[TimeControl "40/5400+30:1800+30"]

1. e4 e6 2. d4 d5 3. Nc3 Nf6 4. e5 Nfd7 5. Nce2 c5 6. c3 Nc6 7. Nf3 cxd4 8. cxd4 f6 9. Nf4 Bb4+ 10. Bd2 Qe7 11. exf6 Nxf6 12. Bd3 Ne4 13. Bxe4 dxe4 14. Ne5 O-O 15. O-O Nxe5 16. dxe5 Bxd2 17. Qxd2 Qg5 18. g3 Qxe5 19. Rac1 b6 20. Rfd1 Ba6 21. h4 Rae8 22. Qe3 Rf7 23. Rd4 Bb7 24. Rcd1 Qc7 25. Rd6 Bd5 26. Nxd5 exd5 27. R6xd5 Rf3 28. Qe2 Ref8 29. Kg2 Rxf2+ 30. Qxf2 Rxf2+ 31. Kxf2 Qf7+ 32. Kg2 Qf3+ 33. Kh3 e3 34. Rd8+ Kf7 35. R1d7+ Ke6 36. Rxg7 Qf1+ 37. Kh2 Qf2+ 38. Kh3 Qf5+ 39. Kh2 Qf2+ 40. Kh3 Qf5+ 41. Kh2 Qc2+ 42. Kh3 Qf5+ 43. Kh2 Ke5 1/2-1/2

[Event "XIX Najdorf Memorial 2019"]
[Site "Warsaw"]
[Date "2019.07.08"]
[Round "3.4"]
[White "Barski, Radoslaw"]
[Black "Siekanski, Janusz"]
[Result "1/2-1/2"]
[ECO "B80"]
[WhiteElo "2468"]
[BlackElo "2270"]
[Annotator "ChessBase"]
[PlyCount "120"]
[EventDate "2019.07.06"]
[EventType "swiss"]
[EventCountry "POL"]
[SourceTitle "playchess.com"]
[Source "ChessBase"]
[SourceQuality "1"]
[TimeControl "40/5400+30:1800+30"]

1. e4 c5 2. Nf3 e6 3. d4 cxd4 4. Nxd4 Nf6 5. Nc3 d6 6. Be3 Be7 7. f4 O-O 8. Be2 Nc6 9. Qd2 a6 10. O-O-O Bd7 11. g4 Nxd4 12. Qxd4 Bc6 13. g5 Nd7 14. h4 e5 15. Qd3 exf4 16. Bxf4 Ne5 17. Qg3 Qc7 18. h5 Rac8 19. Rd2 b5 20. Kb1 b4 21. Nd5 Bxd5 22. exd5 a5 23. Bxe5 dxe5 24. g6 Rcd8 25. Rg1 fxg6 26. hxg6 h6 27. Bg4 Rf4 28. Be6+ Kf8 29. Rdd1 Bf6 30. Rgf1 a4 31. Qd3 Qd6 32. Rfe1 a3 33. Bf7 axb2 34. Re4 b3 35. cxb3 Qa3 36. Rxf4 exf4 37. d6 Ra8 38. b4 Qxd3+ 39. Rxd3 Rc8 40. Rd1 f3 41. d7 Rc1+ 42. Rxc1 bxc1=Q+ 43. Kxc1 Ke7 44. Kd2 Kxd7 45. Bd5 f2 46. Bg2 h5 47. a4 h4 48. Kd3 Ke6 49. a5 Bd8 50. Ke4 Kd6 51. Kd4 Bf6+ 52. Kd3 Bd8 53. Kd4 Bf6+ 54. Kc4 Bd8 55. Kd3 Ke5 56. Ke2 Kd4 57. a6 Bb6 58. Kxf2 Kc4+ 59. Kf3 Kxb4 60. Ke4 Ka5 1/2-1/2

[Event "XIX Najdorf Memorial 2019"]
[Site "Warsaw"]
[Date "2019.07.08"]
[Round "3.5"]
[White "Romanishin, Oleg M"]
[Black "Fedorov, Alexei"]
[Result "1/2-1/2"]
[ECO "E62"]
[WhiteElo "2443"]
[BlackElo "2551"]
[Annotator "ChessBase"]
[PlyCount "35"]
[EventDate "2019.07.06"]
[EventType "swiss"]
[EventCountry "POL"]
[SourceTitle "playchess.com"]
[Source "ChessBase"]
[SourceQuality "1"]
[TimeControl "40/5400+30:1800+30"]

1. d4 Nf6 2. Nf3 g6 3. g3 Bg7 4. Bg2 O-O 5. O-O d6 6. c4 Nc6 7. Nc3 Bf5 8. Bd2 Ne4 9. Be1 e5 10. d5 Nxc3 11. Bxc3 Nb8 12. Rc1 a5 13. Ne1 b6 14. e4 Bd7 15. f4 Na6 16. Nd3 Qe7 17. Qd2 f6 18. Rf2 1/2-1/2

[Event "XIX Najdorf Memorial 2019"]
[Site "Warsaw"]
[Date "2019.07.08"]
[Round "3.5"]
[White "Antolak, Julia"]
[Black "Grib, Roman"]
[Result "0-1"]
[ECO "C95"]
[WhiteElo "2258"]
[BlackElo "2421"]
[Annotator "NA"]
[PlyCount "78"]
[EventDate "2019.07.06"]
[EventType "swiss"]
[EventCountry "POL"]
[SourceTitle "playchess.com"]
[Source "ChessBase"]
[SourceQuality "1"]
[TimeControl "40/5400+30:1800+30"]

1. e4 e5 2. Nf3 Nc6 3. Bb5 a6 4. Ba4 Nf6 5. O-O Be7 6. Re1 b5 7. Bb3 O-O 8. c3 d6 9. h3 Nb8 10. d4 Nbd7 11. c4 c6 12. a3 bxc4 13. Bxc4 Nxe4 14. dxe5 d5 15. Bd3 Ndc5 16. Bc2 f5 17. exf6 Bxf6 18. Ra2 Bh4 19. Be3 Bxf2+ 20. Bxf2 Nxf2 21. Kxf2 Qh4+ 22. Kg1 Rxf3 23. gxf3 Qg3+ 24. Kh1 Qxh3+ 25. Kg1 Qg3+ 26. Kh1 Qh4+ 27. Kg1 Bh3 28. Bxh7+ Qxh7 29. b4 Nd3 30. Re3 Qg6+ 31. Kh2 Bf5 32. f4 Kf7 33. Rg2 Rh8+ 34. Kg1 Qh7 35. Kf1 Nxf4 36. Rg1 Qh2 37. Qd4 Bd3+ 38. Ke1 Qxg1+ 39. Kd2 Qf2+ 0-1

[Event "XIX Najdorf Memorial 2019"]
[Site "Warsaw"]
[Date "2019.07.08"]
[Round "3.6"]
[White "Shevchenko, Kirill"]
[Black "Abdumalik, Zhansaya"]
[Result "1-0"]
[ECO "D85"]
[WhiteElo "2536"]
[BlackElo "2458"]
[Annotator "ChessBase"]
[PlyCount "81"]
[EventDate "2019.07.06"]
[EventType "swiss"]
[EventCountry "POL"]
[SourceTitle "playchess.com"]
[Source "ChessBase"]
[SourceQuality "1"]
[TimeControl "40/5400+30:1800+30"]

1. d4 Nf6 2. c4 g6 3. Nc3 d5 4. cxd5 Nxd5 5. e4 Nxc3 6. bxc3 Bg7 7. Qa4+ Nd7 8. Nf3 O-O 9. Qa3 e5 10. Bd3 exd4 11. cxd4 c5 12. Bg5 Qb6 13. Rb1 Qe6 14. d5 Qg4 15. O-O Ne5 16. Nxe5 Qxg5 17. f4 Qe7 18. Nc4 Bd4+ 19. Kh1 a6 20. Rb6 Qh4 21. Qb3 Rb8 22. e5 Bg4 23. Qc2 Qd8 24. Rfb1 Bd7 25. a4 Bg4 26. a5 Bd7 27. Rd6 Qe7 28. Rf6 Bb5 29. Nd6 Bxd3 30. Qxd3 Qc7 31. Nc4 Qd7 32. Nb6 Qg4 33. h3 Qh4 34. Nd7 Rbd8 35. Nxf8 Rxf8 36. Rf1 Kg7 37. Qf3 Rd8 38. Kh2 Rd7 39. g3 Qh6 40. Rd6 Re7 41. Rd8 1-0

[Event "XIX Najdorf Memorial 2019"]
[Site "Warsaw"]
[Date "2019.07.08"]
[Round "3.6"]
[White "Zebracki, Tomasz"]
[Black "Tomaszewski, Kacper"]
[Result "1/2-1/2"]
[ECO "B10"]
[WhiteElo "2183"]
[BlackElo "2346"]
[Annotator "NA"]
[PlyCount "158"]
[EventDate "2019.07.06"]
[EventType "swiss"]
[EventCountry "POL"]
[SourceTitle "playchess.com"]
[Source "ChessBase"]
[SourceQuality "1"]
[TimeControl "40/5400+30:1800+30"]

1. e4 c6 2. c4 d5 3. cxd5 cxd5 4. exd5 Nf6 5. Nc3 g6 6. Nf3 Bg7 7. Bc4 O-O 8. O-O Nbd7 9. d3 a6 10. a4 b6 11. Bf4 Bb7 12. Rc1 Rc8 13. Re1 h6 14. h3 Kh7 15. Nd4 Nxd5 16. Bxd5 Bxd5 17. Nxd5 Rxc1 18. Qxc1 Nc5 19. Qc4 e6 20. Nxb6 Bxd4 21. Rd1 e5 22. Nd5 Nxa4 23. Qxa4 Qxd5 24. Be3 Bxe3 25. fxe3 Rb8 26. Rd2 Qc5 27. Re2 Qb5 28. Qxb5 Rxb5 29. d4 exd4 30. exd4 Kg7 31. Kf2 Rb3 32. Rd2 Kf6 33. Ke2 Ke6 34. Kd1 Kd5 35. Kc2 Rb4 36. Rf2 f5 37. g4 fxg4 38. hxg4 Rxd4 39. Rh2 Rxg4 40. Rxh6 Kc4 41. Rh8 Rg2+ 42. Kb1 g5 43. Ra8 Kb5 44. Rb8+ Kc6 45. Ra8 Kb6 46. Rb8+ Kc7 47. Ra8 Kb7 48. Rg8 g4 49. Rg6 g3 50. Ka2 Rg1 51. Kb3 g2 52. Ka2 Kc7 53. Rg7+ Kd6 54. Rg6+ Ke5 55. Rg8 Kf6 56. Rg3 Kf5 57. Rg8 Kf4 58. Rf8+ Kg5 59. Rg8+ Kh4 60. Rh8+ Kg3 61. Rg8+ Kh3 62. Rh8+ Kg4 63. Rg8+ Kf5 64. Rf8+ Ke5 65. Rg8 Kf6 66. Rg3 a5 67. Rg8 Ke5 68. Re8+ Kd5 69. Rg8 Kc4 70. Rc8+ Kb4 71. Rb8+ Kc5 72. Rc8+ Kd6 73. Rg8 a4 74. Rg3 Ke5 75. Rg8 Kf6 76. Rg3 Kf7 77. Rf3+ Kg6 78. Rg3+ Kf5 79. Rg8 Kf4 1/2-1/2

[Event "XIX Najdorf Memorial 2019"]
[Site "Warsaw"]
[Date "2019.07.08"]
[Round "3.7"]
[White "Nguyen, Piotr"]
[Black "Heberla, Bartlomiej"]
[Result "0-1"]
[ECO "D31"]
[WhiteElo "2420"]
[BlackElo "2534"]
[Annotator "ChessBase"]
[PlyCount "68"]
[EventDate "2019.07.06"]
[EventType "swiss"]
[EventCountry "POL"]
[SourceTitle "playchess.com"]
[Source "ChessBase"]
[SourceQuality "1"]
[TimeControl "40/5400+30:1800+30"]

1. d4 d5 2. c4 e6 3. Nc3 a6 4. cxd5 exd5 5. Qb3 c6 6. e4 dxe4 7. Bc4 Qe7 8. a4 Nf6 9. Nge2 Bf5 10. O-O Bg6 11. Nf4 Qc7 12. Re1 Bd6 13. g3 O-O 14. Nxg6 hxg6 15. Nxe4 Nxe4 16. Rxe4 Nd7 17. Rg4 Nf6 18. Rxg6 b5 19. Bd3 bxa4 20. Rxa4 Rab8 21. Qa2 Nd5 22. Rg4 Rfe8 23. Bh6 Bf8 24. Bf4 Bd6 25. Bxd6 Re1+ 26. Kg2 Qxd6 27. Re4 Rd1 28. Qa3 Qd8 29. Bxa6 Nf6 30. Re2 Qd5+ 31. Kh3 Qf5+ 32. Kg2 Qd5+ 33. Kh3 Rg1 34. Ra5 Qd7+ 0-1

[Event "XIX Najdorf Memorial 2019"]
[Site "Warsaw"]
[Date "2019.07.08"]
[Round "3.8"]
[White "Bednarczyk, Damian"]
[Black "Menezes, Christoph"]
[Result "0-1"]
[ECO "B20"]
[WhiteElo "2256"]
[BlackElo "2413"]
[Annotator "NA"]
[PlyCount "76"]
[EventDate "2019.07.06"]
[EventType "swiss"]
[EventCountry "POL"]
[SourceTitle "playchess.com"]
[Source "ChessBase"]
[SourceQuality "1"]
[TimeControl "40/5400+30:1800+30"]

1. e4 c5 2. c4 Nc6 3. Ne2 Nf6 4. Nbc3 e6 5. d4 cxd4 6. Nxd4 Bb4 7. Nxc6 bxc6 8. Bd3 e5 9. O-O O-O 10. Bg5 h6 11. Bh4 Bc5 12. Kh1 d6 13. f3 Bd4 14. Rb1 Be6 15. Qd2 Nxe4 16. Qe1 Nf6 17. f4 e4 18. Nxe4 d5 19. Nxf6+ Bxf6 20. Bxf6 Qxf6 21. f5 Bd7 22. Qg3 Rfe8 23. b4 Re5 24. cxd5 cxd5 25. Qf2 Qb6 26. h3 Re3 27. Rbd1 f6 28. Qf4 Rae8 29. Bc2 Bb5 30. Rf2 Bc4 31. Qd4 Re1+ 32. Kh2 Qb8+ 33. g3 R8e3 34. Qg4 R3e2 35. Rd2 Rxd2 36. Rxd2 Qb6 37. Rg2 Bf1 38. Rd2 Bd3 0-1

[Event "XIX Najdorf Memorial 2019"]
[Site "Warsaw"]
[Date "2019.07.08"]
[Round "3.9"]
[White "AlHuwar, Jasem"]
[Black "Terletsky, Oleg"]
[Result "1-0"]
[ECO "A05"]
[WhiteElo "2255"]
[BlackElo "2408"]
[Annotator "NA"]
[PlyCount "59"]
[EventDate "2019.07.06"]
[EventType "swiss"]
[EventCountry "POL"]
[SourceTitle "playchess.com"]
[Source "ChessBase"]
[SourceQuality "1"]
[TimeControl "40/5400+30:1800+30"]

1. Nf3 Nf6 2. g3 g6 3. b3 d5 4. c4 d4 5. Bb2 c5 6. b4 Bg7 7. bxc5 Nc6 8. d3 O-O 9. Nbd2 e5 10. Bg2 Nd7 11. Nb3 Re8 12. Nfd2 f5 13. a4 Bf8 14. Ba3 Nf6 15. Qc2 e4 16. dxe4 fxe4 17. Nxe4 Bf5 18. Nxf6+ Qxf6 19. Qd2 Bg4 20. O-O Rxe2 21. Bd5+ Kh8 22. Qd3 Bg7 23. h3 Ne5 24. Qd1 Bf3 25. Nxd4 Bxd5 26. cxd5 Nf3+ 27. Nxf3 Qxf3 28. Ra2 Rae8 29. d6 R8e3 30. Rxe2 1-0

[Event "XIX Najdorf Memorial 2019"]
[Site "Warsaw"]
[Date "2019.07.08"]
[Round "3.9"]
[White "Goslawski, Michal"]
[Black "Janik, Igor"]
[Result "1/2-1/2"]
[ECO "A06"]
[WhiteElo "2091"]
[BlackElo "2495"]
[Annotator "ChessBase"]
[PlyCount "117"]
[EventDate "2019.07.06"]
[EventType "swiss"]
[EventCountry "POL"]
[SourceTitle "playchess.com"]
[Source "ChessBase"]
[SourceQuality "1"]
[TimeControl "40/5400+30:1800+30"]

1. Nf3 d5 2. g3 Nf6 3. Bg2 c6 4. c4 g6 5. b3 Bg7 6. Bb2 O-O 7. O-O Bg4 8. d3 Bxf3 9. Bxf3 e6 10. Nd2 a5 11. Qc2 Nbd7 12. d4 a4 13. Rfd1 b5 14. Ba3 Re8 15. cxb5 cxb5 16. Bb4 Qb6 17. e3 Rac8 18. Qd3 e5 19. Be2 exd4 20. exd4 Ne4 21. Nf3 Qe6 22. Bf1 Qf5 23. Rac1 Ndf6 24. Be1 axb3 25. axb3 Rxc1 26. Rxc1 Bh6 27. Ra1 Rb8 28. Ne5 Bf8 29. Qf3 Qe6 30. Ra7 Bc5 31. dxc5 Qxe5 32. c6 d4 33. Qf4 Qxf4 34. gxf4 Nd5 35. Ba5 Nec3 36. Rd7 Rc8 37. c7 Kg7 38. Bxb5 Nxb5 39. Rxd5 Nxc7 40. Rc5 d3 41. Kf1 Rd8 42. Rxc7 d2 43. Bc3+ Kf8 44. Bxd2 Rxd2 45. Rc3 Rb2 46. Kg2 Kg7 47. Kf3 h5 48. Ke3 Kf6 49. h3 Rb1 50. Ke4 Re1+ 51. Re3 Rf1 52. Rf3 Re1+ 53. Kd4 Rd1+ 54. Kc4 Kf5 55. b4 Ke4 56. Rb3 Rd2 57. b5 Rxf2 58. b6 Rc2+ 59. Kb5 1/2-1/2

[Event "XIX Najdorf Memorial 2019"]
[Site "Warsaw"]
[Date "2019.07.08"]
[Round "3.10"]
[White "Kanarek, Marcel"]
[Black "Socko, Monika"]
[Result "0-1"]
[ECO "C03"]
[WhiteElo "2493"]
[BlackElo "2443"]
[Annotator "ChessBase"]
[PlyCount "154"]
[EventDate "2019.07.06"]
[EventType "swiss"]
[EventCountry "POL"]
[SourceTitle "playchess.com"]
[Source "ChessBase"]
[SourceQuality "1"]
[TimeControl "40/5400+30:1800+30"]

1. e4 e6 2. d4 d5 3. Nd2 Be7 4. Ngf3 Nf6 5. e5 Nfd7 6. Bd3 c5 7. c3 Nc6 8. O-O g5 9. dxc5 Ndxe5 10. Bb5 Bd7 11. Qe2 Ng6 12. Nb3 O-O 13. Bxc6 bxc6 14. Ne5 Nxe5 15. Qxe5 a5 16. Qg3 f6 17. f4 Qc7 18. Be3 a4 19. Nd2 Kh8 20. fxg5 Qxg3 21. hxg3 e5 22. Nf3 Kg8 23. gxf6 Bxf6 24. Bh6 Rfe8 25. Ng5 Bxg5 26. Bxg5 Be6 27. Rae1 e4 28. Rf6 Ra7 29. Bh6 Rf7 30. Ref1 Ree7 31. g4 Bxg4 32. Rxc6 e3 33. Re1 e2 34. Rd6 Rf5 35. c6 Kf7 36. g3 Rf3 37. Bf4 Bh3 38. Kh2 Bf5 39. Rxd5 Be4 40. Rd7 Rf2+ 41. Kh3 Bf5+ 42. g4 Bxd7 43. cxd7 Rxd7 44. Kg3 Rf1 45. Rxe2 Rd3+ 46. Be3 a3 47. bxa3 Rxc3 48. Kg2 Rd1 49. Kf2 Rxa3 50. Bc5 Ra4 51. g5 Rd5 52. Re7+ Kg6 53. Be3 Rxa2+ 54. Kf3 Rf5+ 55. Kg4 Ra4+ 56. Kg3 Rf7 57. Re5 Rc4 58. Rb5 Rc3 59. Rb6+ Kf5 60. Kf3 Ra3 61. Rh6 Rb3 62. Ra6 Ke5+ 63. Ke2 Ke4 64. Ra4+ Kf5 65. Ra5+ Kg4 66. Ra4+ Kg3 67. Re4 Rb2+ 68. Kd3 Kf3 69. Bc1 Rb3+ 70. Kc2 Kxe4 71. Kxb3 Kd3 72. Bb2 Rf5 73. Bf6 h5 74. Be7 Rf7 75. Bf6 h4 76. Bh8 h3 77. g6 Rb7+ 0-1

[Event "XIX Najdorf Memorial 2019"]
[Site "Warsaw"]
[Date "2019.07.08"]
[Round "3.10"]
[White "Sieciechowicz, Marcin"]
[Black "Zochowski, Kacper"]
[Result "1-0"]
[ECO "E92"]
[WhiteElo "2399"]
[BlackElo "2251"]
[Annotator "NA"]
[PlyCount "103"]
[EventDate "2019.07.06"]
[EventType "swiss"]
[EventCountry "POL"]
[SourceTitle "playchess.com"]
[Source "ChessBase"]
[SourceQuality "1"]
[TimeControl "40/5400+30:1800+30"]

1. d4 Nf6 2. c4 d6 3. Nf3 g6 4. Nc3 Bg7 5. e4 O-O 6. Be2 e5 7. Be3 Ng4 8. Bg5 f6 9. Bc1 Nc6 10. d5 Nd4 11. h3 Nxe2 12. Qxe2 Nh6 13. g4 Nf7 14. Be3 c5 15. Nd2 a6 16. f3 Bh6 17. Bxh6 Nxh6 18. h4 Nf7 19. Qe3 b5 20. Kf2 h6 21. h5 g5 22. cxb5 axb5 23. Nxb5 Rb8 24. a4 Ba6 25. Na7 Rxb2 26. Nc6 Qd7 27. Rhb1 Rb7 28. Qc3 Ra8 29. Nc4 Qc7 30. a5 Bxc4 31. Qxc4 Rxb1 32. Rxb1 Rxa5 33. Nxa5 Qxa5 34. Qc2 Kg7 35. Kg2 Kg8 36. Qb2 Qa4 37. Qb3 Qa5 38. Qb2 Qa4 39. Ra1 Qc4 40. Kg3 Kg7 41. Kg2 Qd3 42. Rf1 f5 43. exf5 Qxd5 44. Qc2 Qa8 45. Qc4 Nd8 46. Rd1 Qb8 47. Qd5 Nf7 48. Qe6 Qb7 49. Qg6+ Kf8 50. f6 Qb3 51. Qg7+ Ke8 52. Rxd6 1-0